 Dungeon Crawl Stone Soup version 0.23.2-30-g0e89c35 (webtiles) character file.

Game seed: 18136625069334817748

348 Psyk the Shield-Bearer (level 6, 0/53 HPs)
             Began as a Minotaur Fighter on June 11, 2019.
             Killed by divine providence
             ... invoked by an orc priest
              (9 damage)
             ... on level 3 of the Dungeon.
             The game lasted 00:14:40 (2767 turns).

Psyk the Shield-Bearer (Minotaur Fighter)           Turns: 2767, Time: 00:14:41

Health: 0/53       AC:  7    Str: 22    XL:     6   Next: 33%
Magic:  14/14      EV:  8    Int:  5    God:
Gold:   135        SH: 13    Dex: 10    Spells: 5/5 levels left

rFire    . . .     SeeInvis .   a - +0 war axe
rCold    . . .     Gourm    .   c - +0 shield
rNeg     . . .     Faith    .   b - +0 scale mail
rPois    .         Spirit   .   r - +0 hat
rElec    .         Reflect  +   (no cloak)
rCorr    .         Harm     .   (no gloves)
MR       .....     Rnd*Tele +   (no boots)
Stlth    ..........             k - +3 amulet of reflection
HPRegen  0.17/turn              i - ring of magical power
MPRegen  0.14/turn              j - ring of teleportation (curse)

@: no status effects
A: retaliatory headbutt, horns 2
a: no special abilities


You were on level 3 of the Dungeon.
You were not hungry.

You visited 1 branch of the dungeon, and saw 4 of its levels.

You collected 135 gold pieces.

Inventory:

Hand Weapons
 a - a +0 war axe (weapon)
Missiles
 o - 55 stones (quivered)
 s - 7 tomahawks
Armour
 b - a +0 scale mail (worn)
 c - a +0 shield (worn)
 r - a +0 hat (worn)
Jewellery
 i - a ring of magical power (left hand)
 j - a cursed ring of teleportation (right hand)
 k - a +3 amulet of reflection (around neck)
Scrolls
 e - a scroll of enchant armour {unknown}
 g - 2 scrolls of magic mapping
 l - 2 scrolls of fear {unknown}
 t - a scroll of identify {unknown}
 u - a scroll of teleportation {unknown}
 v - a scroll of fog {unknown}
 w - a scroll of remove curse {unknown}
Potions
 d - a potion of might
 h - a potion of berserk rage {unknown}
 m - a potion of haste {unknown}
 n - 2 potions of curing {unknown}
 p - a potion of lignification {unknown}
 q - a potion of flight {unknown}
Comestibles
 f - 2 rations


   Skills:
 + Level 4.3 Fighting
 + Level 5.2 Axes
 + Level 4.7 Armour
 + Level 1.5 Dodging
 + Level 0.3 Stealth
 + Level 5.5 Shields


You had 5 spell levels left.
You didn't know any spells.
Your spell library was empty.

Dungeon Overview and Level Annotations

Branches:
Dungeon (4/15)
 Temple: D:4-7

Altars:


Innate Abilities, Weirdness & Mutations

You reflexively headbutt those who attack you in melee.
You have a pair of horns on your head.


Message History

The orc priest begins to cast a cantrip, but forgets the words!
The orc priest invokes the aid of Beogh against you.
Beogh smites you!
You climb upwards.
There is a stone staircase leading down here.
Unknown command.
The howler monkey hoots and howls with incredible vigour!
You barely miss the howler monkey. You headbutt the howler monkey.
You kill the howler monkey!
The orc priest calls down the wrath of Beogh upon you.
Pain shoots through your body!
* * * LOW HITPOINT WARNING * * *
The orc priest looks braver for a moment.
There is a stone staircase leading down here.
You see here a howler monkey corpse.
You hit the orc priest but do no damage.
Your headbutt misses the orc priest.
The orc priest calls down the wrath of Beogh upon you.
Beogh smites you!
You die...

#.# #####.....# #....
#.###≈.#####<.# #.###
#........###..####.###
#.#..≈.≈.>............
#.#..≈.≈..##..####.###
#.##..≈≈......####>###
##
#.##.....###..).......
.# #....o).##
#######.###
.###############@###
#.###
................[#
#....
##################
#####


You could see an orc priest.

Vanquished Creatures
  2 howler monkeys (D:3)
  An orc priest (D:3)
  An orc wizard (D:3)
  A centaur skeleton (D:4)
  A hound zombie (D:3)
  7 adders
  2 worms (D:3)
  2 dart slugs
  6 leopard geckos
  11 orcs
  6 bats
  4 giant cockroaches
  7 goblins
  6 hobgoblins
  6 jackals (D:2)
  8 kobolds
  2 quokkas (D:2)
  5 frilled lizards
  13 rats
91 creatures vanquished.

Notes
Turn   | Place    | Note
-------+----------+-------------------------------------------
     0 | D:1      | Psyk the Minotaur Fighter began the quest for the Orb.
     0 | D:1      | Reached XP level 1. HP: 19/19 MP: 0/0
   181 | D:1      | Reached XP level 2. HP: 26/26 MP: 1/1
   554 | D:2      | Reached XP level 3. HP: 33/33 MP: 2/2
   824 | D:2      | Reached XP level 4. HP: 32/40 MP: 3/3
   831 | D:2      | Reached skill level 1 in Dodging
  1607 | D:3      | Reached XP level 5. HP: 46/46 MP: 4/4
  2088 | D:3      | Found a faded altar of an unknown god.
  2111 | D:3      | Reached skill level 5 in Shields
  2590 | D:3      | Reached skill level 5 in Axes
  2590 | D:3      | Reached XP level 6. HP: 37/52 MP: 5/5
  2767 | D:3      | Killed from afar by an orc priest

Skill      XL: |  1  2  3  4  5 |
---------------+----------------+-----
Armour         | 4 |  4.7
Axes           | 3 4 5 |  5.2
Shields        | 4 5 |  5.5
Dodging        | 1 |  1.5
Fighting       | 4 |  4.3
Stealth        | |  0.3

Action                   |  1- 3 |  4- 6 || total
-------------------------+-------+-------++-------
Melee: War axe           |   105 |   146 ||   251
       Headbutt          |     3 |    19 ||    22
  Use: Scroll            |     1 |       ||     1
  Eat: Chunk             |       |     7 ||     7
Armor: Scale mail        |    35 |    47 ||    82
Dodge: Dodged            |    19 |    41 ||    60
Block: Shield            |    73 |   109 ||   182
       Reflection        |     2 |     5 ||     7
